 Dungeon Crawl Stone Soup version 0.20.1-1-g8b1a95d (webtiles) character file.

196 vineage the Covered (level 5, -1/61 HPs)
             Began as a Demonspawn Fighter on Oct 7, 2017.
             Was an Initiate of Okawaru.
             Slain by an ogre
             ... wielding a +0 giant club
              (14 damage)
             ... on level 4 of the Dungeon.
             The game lasted 00:02:58 (2215 turns).

vineage the Covered (Demonspawn Fighter)            Turns: 2215, Time: 00:02:59

Health: -1/61      AC: 22    Str: 17    XL:     5   Next: 46%
Magic:  5/5        EV:  2    Int:  9    God:    Okawaru [......]
Gold:   112        SH: 10    Dex: 13    Spells: 4/4 levels left

rFire    . . .     SeeInvis .   a - +1 long sword
rCold    . . .     Gourm    .   c - +1 shield
rNeg     + + +     Faith    .   (armour currently unavailable)
rPois    +         Spirit   .   (helmet currently unavailable)
rElec    .         Reflect  .   (cloak currently unavailable)
rCorr    .         Harm     .   (gloves currently unavailable)
MR       .....     NoTele   +   (boots currently unavailable)
Stlth    +.........             (no amulet)
Regen    0.2/turn               (no ring)
MPRegen  0.1/turn               (no ring)

@: tree-form
A: powered by death 1
a: Renounce Religion


You were on level 4 of the Dungeon.
You worshipped Okawaru.
Okawaru was noncommittal.
You were hungry.
You were a tree.
You visited 1 branch of the dungeon, and saw 4 of its levels.

You collected 112 gold pieces.

Inventory:

Hand Weapons
 a - a +1 long sword (weapon)
Armour
 b - a +0 scale mail (melded)
 c - a +1 shield (worn)
Scrolls
 e - a scroll of enchant weapon
 g - 2 scrolls of remove curse
 h - 5 scrolls of teleportation
 m - a scroll of fog
 r - a scroll of blinking
Potions
 d - 2 potions of might
 k - 2 potions of haste
 n - a potion of invisibility {unknown}
Comestibles
 f - 4 bread rations
 l - a meat ration
 t - a royal jelly


   Skills:
 + Level 3.5 Fighting
 + Level 3.1 Long Blades
 + Level 3.6 Armour
 + Level 1.5 Dodging
 + Level 0.2 Stealth
 + Level 3.2 Shields


You had 4 spell levels left.
You didn't know any spells.

Dungeon Overview and Level Annotations

Branches:
Dungeon (4/15)
 Temple: D:4-7

Altars:
Gozag
Makhleb
Okawaru
Ru
Zin


Innate Abilities, Weirdness & Mutations

((You are partially covered in iridescent scales. (AC +2)))
You regenerate a little health from kills.


Message History

You are too injured to fight recklessly!
You are too injured to fight recklessly!
You are too injured to fight recklessly!
You are too injured to fight recklessly!
You turn into a tree.
Your +0 scale mail melds into your body.
Your roots penetrate the ground.
You feel sick. The ogre barely misses you.
You barely miss the ogre.
The ogre is heavily wounded.
The ogre hits you with a giant club!
* * * LOW HITPOINT WARNING * * *
You hit the ogre but do no damage.
The ogre is heavily wounded.
You block the ogre's attack.
You hit the ogre.
The ogre is severely wounded.
You feel sick.
You are no longer poisoned.
The ogre hits you with a giant club!
You die...

..# . .. .#
###.### #. #.
##.....## .
#..#.......#.#####
..#.......#.....#
......_...O.....#
#.### #......♣#
....# #...$...#
#.#.# ##.....## .
#.#.#
#.####.####..#
#.#.#
#...........# #
#.#<#
##.##...#####
#.##.#.#
#.##..#####
#..>...#
#.........#
####†###
###..####.#
#####.#


You could see an ogre.

Vanquished Creatures
  Jessica (D:2)
  A worker ant (D:4)
  A gnoll (D:2)
  8 adders
  3 dart slugs (D:2)
  5 leopard geckos
  6 bats
  3 giant cockroaches
  7 goblins
  4 hobgoblins
  7 kobolds
  A quokka (D:3)
  A ball python (D:1)
  7 frilled lizards
  8 rats
63 creatures vanquished.

Notes
Turn   | Place    | Note
-------+----------+-------------------------------------------
     0 | D:1      | vineage the Demonspawn Fighter began the quest for the Orb.
     0 | D:1      | Reached XP level 1. HP: 18/18 MP: 1/1
   359 | D:1      | Gained mutation: You are partially covered in iridescent scales. (AC +2) [demonic ancestry]
   359 | D:1      | Reached XP level 2. HP: 22/24 MP: 2/2
   714 | D:2      | Noticed Jessica
   722 | D:2      | Killed Jessica
   722 | D:2      | Reached XP level 3. HP: 24/29 MP: 3/3
   860 | D:2      | Found an opulent altar of Gozag.
   867 | D:2      | Reached XP level 4. HP: 30/35 MP: 4/4
  1107 | D:2      | Reached skill level 1 in Dodging
  1215 | D:2      | Found a glowing silver altar of Zin.
  1225 | D:2      | Found a burning altar of Makhleb.
  1378 | D:2      | Found an iron altar of Okawaru.
  1401 | D:2      | Became a worshipper of Warmaster Okawaru
  1701 | D:3      | Gained mutation: You regenerate a little health from kills. [demonic ancestry]
  1701 | D:3      | Reached XP level 5. HP: 41/41 MP: 5/5
  2190 | D:4      | Found a sacrificial altar of Ru.
  2204 | D:4      | Noticed an ogre
  2215 | D:4      | Slain by an ogre

Skill      XL: |  1  2  3  4  5 |
---------------+----------------+-----
Armour         | 3 |  3.6
Long Blades    | 2 3 |  3.1
Shields        | 3 |  3.2
Dodging        | 1 |  1.5
Fighting       | |  3.5
Stealth        | |  0.2

Action                   |  1- 3 |  4- 6 || total
-------------------------+-------+-------++-------
Melee: Long sword        |    98 |   143 ||   241
  Use: Scroll            |       |    11 ||    11
       Potion            |       |     1 ||     1
  Eat: Chunk             |       |     4 ||     4
Armor: Scale mail        |    67 |    74 ||   141
Dodge: Dodged            |    36 |    52 ||    88
Block: Shield            |    53 |    76 ||   129
       Rpst.: Long sword |     8 |    17 ||    25
